 Dungeon Crawl Stone Soup version 0.13.0-3-g966e3ec (webtiles) character file.

521 HungrySpirit the Vexing (level 6, -3/28 HPs)
             Began as a Spriggan Enchanter on Oct 13, 2013.
             Slain by an ogre
             ... wielding a +0,+0 giant club
              (31 damage)
             ... on Level 4 of the Dungeon.
             The game lasted 00:16:27 (4317 turns).

HungrySpirit the Vexing (Spriggan Enchanter)        Turns: 4317, Time: 00:16:27

HP  -3/28        AC  3     Str  6      XL: 6   Next: 30%
MP  16/20        EV 18     Int 17      God:
Gold 181         SH  0     Dex 16      Spells:  3 memorised,  9 levels left

Res.Fire  : + . .   See Invis. : +   a - +1 dagger {=f}
Res.Cold  : . . .   Warding    : .   b - +1 robe
Life Prot.: . . .   Conserve   : .   (shield restricted)
Res.Poison: .       Res.Corr.  : .   (helmet restricted)
Res.Elec. : .       Clarity    : .   (no cloak)
Sust.Abil.: . .     Spirit.Shd : .   (gloves unavailable)
Res.Mut.  : .       Stasis     : .   (boots unavailable)
Res.Rott. : .       Flight     : .   (no amulet)
Saprovore : . . .                    h - ring of protection from fire
                                     k - ring of protection from magic

@: very quick, quite resistant to hostile enchantments, quite stealthy
A: unfitting armour, see invisible, herbivore 3, speed 3, slow metabolism 2
a: no special abilities


You were on level 4 of the Dungeon.
You were not hungry.

You visited 1 branch of the dungeon, and saw 4 of its levels.

You collected 161 gold pieces.

Inventory:

Hand weapons
 a - a +1,+1 dagger (weapon) {=f}
Missiles
 d - 37 darts (quivered)
 j - a dart of dispersal
Armour
 b - a +1 robe (worn)
Magical devices
 e - a wand of magic darts (10)
 n - a wand of teleportation (3) {unknown}
Comestibles
 t - 2 bread rations
Scrolls
 i - 2 scrolls of enchant armour {unknown}
 o - a scroll of teleportation
 u - a scroll of recharging {unknown}
 v - a scroll of amnesia {unknown}
 x - a scroll of enchant weapon II {unknown}
Jewellery
 f - an uncursed ring of protection from fire
 h - a ring of protection from fire (right hand)
 k - a ring of protection from magic (left hand)
Potions
 g - a potion of curing
 l - 2 potions of restore abilities {unknown}
 m - a potion of invisibility {unknown}
 s - a potion of brilliance {unknown}
Books
 c - a book of Maledictions

   Spells                             Type                      Level
   *Corona                            Hexes                        1
   Sure Blade                         Hexes/Charms                 2
   *Ensorcelled Hibernation           Hexes/Ice                    2
   *Confuse                           Hexes                        3
   Enslavement                        Hexes                        4
   Invisibility                       Hexes                        6


   Skills:
 - Level 3.0 Short Blades
 - Level 1.1 Throwing
 * Level 3.1 Dodging
 * Level 5.1 Stealth
 - Level 5.0 Spellcasting
 - Level 5.2 Hexes


You had 9 spell levels left.
You knew the following spells:

 Your Spells              Type           Power        Failure   Level  Hunger
a - Corona                Hex            ###....      1%          1    None
b - Ensorcelled Hibernat  Hex/Ice        ##....       10%         2    #......
c - Confuse               Hex            ###.....     8%          3    ###....


Dungeon Overview and Level Annotations

Branches:
Dungeon (4/27)
 Temple: D:4-7

Altars:


Innate Abilities, Weirdness & Mutations

You are tiny and cannot use many weapons and most armour.
You have supernaturally acute eyesight.
You are a herbivore.
You cover ground extremely quickly.
You need consume almost no food.


Message History

Aim: an adder The adder resists.
Casting: Ensorcelled Hibernation
Confirm with . or Enter, or press ? or * to list all spells.
Aiming: Ensorcelled Hibernation
Press: ? - help, Shift-Dir - straight line, f/p - adder
Aim: an adder The adder looks drowsy...
The helpless adder fails to defend itself.
You slice the adder!!
You kill the adder!
Found a tapered wooden wand.
You now have 181 gold pieces (gained 9).
n - a tapered wooden wand An ogre comes into view.
It is wielding a giant club.
Found a hand axe.
The ogre shouts!
The ogre hits you with a giant club!
Ouch! That really hurt!
You die...

..##.... #.#
#.##.#.# #.#
#.##.#.# #.#
#.##.#.# #)#
#.##.#.# #.#
#.##.#.## #.#
#.##....## #.#
..##..#..#######O#
####.###......##@#
# #..#..####.##.##
# ##.......##.#...#
###..#####........#
.......#...##.#...#
#.#....#.####.#####
#....#...# #.#
#.#######.. ..# ..#
###


You could see an ogre.

Vanquished Creatures
  Blork the orc (D:4)
  2 worker ants (D:4)
  An ogre skeleton (D:4)
  4 gnolls
  10 adders
  2 worms
  An ooze (D:2)
  An orc (D:3)
  2 ball pythons
  12 bats
  5 giant cockroaches
  11 hobgoblins
  8 kobolds
  3 giant newts
  10 goblins
  A quokka (D:2)
  9 rats
83 creatures vanquished.

Notes
Turn   | Place    | Note
--------------------------------------------------------------
     0 | D:1      | HungrySpirit, the Spriggan Enchanter, began the quest for the Orb.
     0 | D:1      | Reached XP level 1. HP: 9/9 MP: 4/4
   105 | D:1      | Reached XP level 2. HP: 8/13 MP: 6/6
   155 | D:1      | Reached skill level 4 in Hexes
  1106 | D:1      | Reached XP level 3. HP: 2/16 MP: 9/9
  1599 | D:2      | Learned a level 2 spell: Ensorcelled Hibernation
  1917 | D:2      | Reached skill level 5 in Hexes
  1917 | D:2      | Reached XP level 4. HP: 21/21 MP: 0/11
  2811 | D:2      | Reached XP level 5. HP: 24/24 MP: 5/15
  3841 | D:4      | Learned a level 3 spell: Confuse
  3898 | D:4      | Noticed Blork the orc
  4183 | D:4      | Killed Blork the orc
  4183 | D:4      | Reached skill level 5 in Stealth
  4183 | D:4      | Reached XP level 6. HP: 28/28 MP: 15/19
  4281 | D:4      | Reached skill level 5 in Spellcasting
  4315 | D:4      | Noticed an ogre
  4317 | D:4      | Slain by an ogre

Action                   |  1- 3 |  4- 6 || total
-------------------------+-------+-------++-------
Melee: Dagger            |   209 |   166 ||   375
Throw: Dart              |    32 |    59 ||    91
 Cast: Ensorcelled Hiber |     8 |    26 ||    34
       Confuse           |       |     3 ||     3
Evoke: Wand              |       |     1 ||     1
  Use: Potion            |       |     2 ||     2
       Scroll            |       |    10 ||    10
 Stab: Sleeping          |     5 |    21 ||    26
       Distracted        |     1 |     1 ||     2
       Confused          |       |     2 ||     2
